[ AOE2 MATCH · #467508232 ]
UnrankedEthiopians vs Poles
[ REPLAY ANALYSIS · EXTRACTED FROM THE RECORDED GAME ]
Feudal
—
Castle
—
Imperial
—
| APM avg | 14.3 |
| APM peak | 41 |
| eAPM avg | 8.0 |
| Villagers / military | 55 / 15 |
Focus
⚔️ 17.7% · 🌾 82.3%
Scorpion ×10 · Battering Ram ×5
Feudal
11:36
Castle
15:41
Imperial
31:55
| APM avg | 17.2 |
| APM peak | 40 |
| eAPM avg | 14.6 |
| Villagers / military | 139 / 56 |
Focus
⚔️ 18.0% · 🌾 82.0%
Knight ×52 · Trebuchet (Packed) ×4
Feudal
13:25
Castle
18:34
Imperial
38:18
| APM avg | 11.2 |
| APM peak | 31 |
| eAPM avg | 9.3 |
| Villagers / military | 96 / 47 |
Focus
⚔️ 22.9% · 🌾 77.1%
Steppe Lancer ×41 · Spearman ×6
Feudal
11:20
Castle
15:44
Imperial
28:43
| APM avg | 17.1 |
| APM peak | 47 |
| eAPM avg | 9.9 |
| Villagers / military | 59 / 37 |
Focus
⚔️ 22.4% · 🌾 77.6%
Organ Gun ×34 · Trebuchet (Packed) ×3
Feudal
11:54
Castle
16:05
Imperial
33:05
| APM avg | 15.2 |
| APM peak | 45 |
| eAPM avg | 13.5 |
| Villagers / military | 115 / 121 |
Focus
⚔️ 31.1% · 🌾 68.9%
Eagle Scout ×118 · Petard ×2 · Militia ×1
Feudal
10:48
Castle
15:11
Imperial
31:02
| APM avg | 15.5 |
| APM peak | 65 |
| eAPM avg | 6.6 |
| Villagers / military | 95 / 6 |
Focus
⚔️ 8.5% · 🌾 91.5%
Mangonel ×5 · Trebuchet (Packed) ×1
Feudal
12:09
Castle
17:17
Imperial
32:50
| APM avg | 19.1 |
| APM peak | 37 |
| eAPM avg | 12.9 |
| Villagers / military | 109 / 51 |
Focus
⚔️ 20.6% · 🌾 79.4%
Berserk ×49 · Trebuchet (Packed) ×2
Feudal
—
Castle
—
Imperial
—
| APM avg | 14.1 |
| APM peak | 82 |
| eAPM avg | 7.6 |
| Villagers / military | 39 / 44 |
Focus
⚔️ 12.5% · 🌾 87.5%
Spearman ×39 · Mangonel ×5 · Trade Cart ×4
Match map
Initial resources + every placement click. Lines = walls · curves = elevation contours. ◆ gold · ⬟ stone · ● berries · ✦ relic · ◌ wall gap
Your base· ✓ Closed at 16:53 · 0t walls · 3 gate(s)
Pamoh's base· ✓ Closed at 15:41 · 0t walls · 2 gate(s)
D THE 1's base· ✓ Closed at 18:34 · 0t walls · 3 gate(s)
mythos.chilapa's base· ✓ Closed at 15:44 · 0t walls · 3 gate(s)
The_KNIK's base· ✓ Closed at 16:05 · 0t walls · 3 gate(s)
Wilbert's base· ✓ Closed at 15:11 · 0t walls · 2 gate(s)
魔术师's base· ✓ Closed at 17:17 · 0t walls · 2 gate(s)
MrPasten's base· ✓ Closed at 24:33 · 0t walls · 2 gate(s)
Smoothed initial terrain · ◌ = detected wall gap · hover for details
Inputs per minute
— Rorzak - - Pamoh
Build order — Rorzak
133 actions detected in the replay
| 0:04 | Create | Villager (Male) |
| 0:04 | Create | Villager (Male) |
| 0:05 | Create | Villager (Male) |
| 0:05 | Create | Villager (Male) |
| 0:05 | Create | Villager (Male) |
| 0:05 | Create | Villager (Male) |
| 0:18 | Build | House |
| 0:21 | Build | House |
| 0:47 | Build | House |
| 0:52 | Build | House |
| 1:50 | Research | Loom |
| 2:06 | Build | Lumber Camp |
| 2:13 | Create | Villager (Male) |
| 2:59 | Create | Villager (Male) |
| 2:59 | Create | Villager (Male) |
| 3:46 | Create | Villager (Male) |
| 4:06 | Create | Villager (Male) |
| 4:08 | Create | Villager (Male) |
| 4:50 | Create | Villager (Male) |
| 4:50 | Create | Villager (Male) |
| 5:26 | Build | Mill |
| 5:30 | Create | Villager (Male) |
| 5:31 | Create | Villager (Male) |
| 6:17 | Build | House |
| 6:19 | Build | House |
| 7:04 | Create | Villager (Male) |
| 7:04 | Create | Villager (Male) |
| 7:05 | Create | Villager (Male) |
| 7:05 | Create | Villager (Male) |
| 7:37 | Create | Villager (Male) |
| 8:55 | Create | Villager (Male) |
| 8:55 | Create | Villager (Male) |
| 8:55 | Create | Villager (Male) |
| 8:56 | Create | Villager (Male) |
| 8:56 | Create | Villager (Male) |
| 11:10 | Build | Mining Camp |
| 11:21 | Build | Mining Camp |
| 11:32 | Build | Mining Camp |
| 11:36 | Create | Villager (Male) |
| 11:36 | Create | Villager (Male) |
| 11:36 | Create | Villager (Male) |
| 11:48 | Build | House |
| 12:05 | Research | Feudal Age |
| 13:07 | Create | Villager (Male) |
| 13:25 | Build | House |
| 13:27 | Build | House |
| 13:28 | Build | House |
| 13:47 | Build | Farm |
| 13:52 | Build | Farm |
| 13:56 | Build | Farm |
| 14:00 | Build | Farm |
| 14:03 | Build | Farm |
| 14:07 | Build | Farm |
| 14:22 | Build | Farm |
| 14:27 | Build | Farm |
| 14:34 | Build | Farm |
| 14:38 | Build | Farm |
| 14:42 | Build | Farm |
| 14:45 | Build | Farm |
| 14:50 | Build | Farm |
| 14:55 | Build | Farm |
| 15:07 | Build | Blacksmith |
| 15:40 | Build | Market |
| 15:46 | Research | Double-Bit Axe |
| 16:08 | Research | Horse Collar |
| 16:21 | Research | Wheelbarrow |
| 16:53 | Research | Castle Age |
| 17:01 | Research | Gold Mining |
| 17:04 | Research | Stone Mining |
| 17:15 | Research | Town Watch |
| 17:17 | Research | Castle Age |
| 18:32 | Create | Villager (Male) |
| 18:33 | Create | Villager (Male) |
| 18:33 | Create | Villager (Male) |
| 18:39 | Create | Villager (Male) |
| 18:40 | Create | Villager (Male) |
| 19:12 | Build | Barracks |
| 19:37 | Build | Stone Wall |
| 20:03 | Build | Gate |
| 21:27 | Build | Siege Workshop |
| 21:37 | Research | Bow Saw |
| 21:45 | Build | Town Center |
| 22:03 | Create | Battering Ram |
| 22:05 | Create | Battering Ram |
| 22:05 | Create | Battering Ram |
| 22:28 | Create | Battering Ram |
| 22:43 | Create | Villager (Male) |
| 22:44 | Create | Villager (Male) |
| 22:44 | Create | Villager (Male) |
| 22:44 | Create | Villager (Male) |
| 22:45 | Create | Villager (Male) |
| 23:24 | Build | Lumber Camp |
| 23:29 | Create | Villager (Male) |
| 23:30 | Create | Villager (Male) |
| 23:30 | Create | Villager (Male) |
| 23:30 | Create | Villager (Male) |
| 23:31 | Create | Villager (Male) |
| 23:48 | Create | Battering Ram |
| 24:23 | Build | Stone Wall |
| 24:33 | Build | Farm |
| 24:40 | Build | Stone Wall |
| 24:53 | Build | Stone Wall |
| 25:19 | Build | Stone Wall |
| 25:29 | Build | Gate |
| 25:33 | Build | Stone Wall |
| 25:39 | Create | Scorpion |
| 25:40 | Create | Scorpion |
| 25:40 | Create | Scorpion |
| 25:45 | Create | Villager (Male) |
| 25:45 | Create | Villager (Male) |
| 25:46 | Create | Villager (Male) |
| 25:53 | Create | Villager (Male) |
| 25:53 | Create | Villager (Male) |
| 25:53 | Create | Villager (Male) |
| 25:54 | Create | Villager (Male) |
| 25:54 | Create | Villager (Male) |
| 26:00 | Create | Villager (Male) |
| 26:01 | Create | Villager (Male) |
| 26:07 | Research | Hand Cart |
| 26:19 | Build | Stone Wall |
| 26:59 | Create | Scorpion |
| 27:08 | Build | House |
| 27:09 | Build | House |
| 27:10 | Build | House |
| 27:12 | Build | House |
| 27:13 | Build | House |
| 28:50 | Create | Scorpion |
| 28:50 | Create | Scorpion |
| 29:08 | Create | Scorpion |
| 29:08 | Create | Scorpion |
| 30:16 | Build | Siege Workshop |
| 31:02 | Create | Scorpion |
| 31:02 | Create | Scorpion |
Build order — Pamoh
First 150 of 352 actions detected
| 0:01 | Create | Villager (Male) |
| 0:01 | Create | Villager (Male) |
| 0:03 | Build | House |
| 0:06 | Build | House |
| 0:07 | Create | Villager (Male) |
| 0:07 | Create | Villager (Male) |
| 0:07 | Create | Villager (Male) |
| 1:39 | Create | Villager (Male) |
| 1:39 | Create | Villager (Male) |
| 1:45 | Build | Lumber Camp |
| 2:03 | Create | Villager (Male) |
| 2:29 | Create | Villager (Male) |
| 2:50 | Create | Villager (Male) |
| 3:19 | Create | Villager (Male) |
| 3:19 | Create | Villager (Male) |
| 3:46 | Create | Villager (Male) |
| 3:51 | Build | House |
| 3:53 | Build | House |
| 3:55 | Build | House |
| 4:33 | Build | Mill |
| 4:49 | Create | Villager (Male) |
| 5:10 | Create | Villager (Male) |
| 5:30 | Create | Villager (Male) |
| 5:46 | Create | Villager (Male) |
| 6:03 | Create | Villager (Male) |
| 6:19 | Create | Villager (Male) |
| 6:19 | Create | Villager (Male) |
| 6:32 | Create | Villager (Male) |
| 6:51 | Create | Villager (Male) |
| 7:07 | Build | Mining Camp |
| 7:38 | Create | Villager (Male) |
| 7:39 | Create | Villager (Male) |
| 7:39 | Create | Villager (Male) |
| 8:03 | Build | Mill |
| 8:16 | Build | Lumber Camp |
| 8:24 | Create | Villager (Male) |
| 9:26 | Research | Feudal Age |
| 10:59 | Create | Villager (Male) |
| 10:59 | Create | Villager (Male) |
| 11:20 | Build | Farm |
| 11:20 | Build | Farm |
| 11:21 | Build | Farm |
| 11:36 | Age | Feudal Age |
| 11:39 | Build | Market |
| 11:41 | Build | Blacksmith |
| 12:28 | Build | Farm |
| 13:01 | Research | Castle Age |
| 13:28 | Create | Villager (Male) |
| 13:28 | Create | Villager (Male) |
| 13:39 | Research | Horse Collar |
| 13:59 | Research | Double-Bit Axe |
| 14:58 | Create | Villager (Male) |
| 14:58 | Create | Villager (Male) |
| 15:41 | Age | Castle Age |
| 15:45 | Build | Town Center |
| 15:56 | Build | Town Center |
| 16:14 | Build | Town Center |
| 16:20 | Build | Farm |
| 16:24 | Create | Villager (Male) |
| 16:35 | Build | Farm |
| 16:52 | Create | Villager (Male) |
| 17:03 | Build | Farm |
| 17:10 | Create | Villager (Male) |
| 17:10 | Create | Villager (Male) |
| 17:24 | Create | Villager (Male) |
| 17:31 | Build | Farm |
| 17:38 | Build | Farm |
| 17:40 | Create | Villager (Male) |
| 17:40 | Create | Villager (Male) |
| 17:42 | Create | Villager (Male) |
| 17:55 | Build | Farm |
| 18:03 | Create | Villager (Male) |
| 18:03 | Create | Villager (Male) |
| 18:12 | Create | Villager (Male) |
| 18:15 | Create | Villager (Male) |
| 18:15 | Create | Villager (Male) |
| 18:19 | Build | Farm |
| 18:37 | Create | Villager (Male) |
| 18:37 | Create | Villager (Male) |
| 18:37 | Create | Villager (Male) |
| 18:46 | Build | Farm |
| 18:54 | Create | Villager (Male) |
| 19:12 | Create | Villager (Male) |
| 19:12 | Create | Villager (Male) |
| 19:12 | Create | Villager (Male) |
| 19:19 | Create | Villager (Male) |
| 19:19 | Create | Villager (Male) |
| 19:19 | Create | Villager (Male) |
| 19:22 | Build | Farm |
| 19:46 | Build | Town Center |
| 19:49 | Create | Villager (Male) |
| 19:49 | Create | Villager (Male) |
| 19:54 | Build | Farm |
| 19:55 | Create | Villager (Male) |
| 20:12 | Create | Villager (Male) |
| 20:12 | Create | Villager (Male) |
| 20:13 | Create | Villager (Male) |
| 20:13 | Create | Villager (Male) |
| 20:17 | Build | Farm |
| 20:27 | Build | House |
| 20:29 | Build | House |
| 20:31 | Build | House |
| 20:34 | Create | Villager (Male) |
| 20:34 | Create | Villager (Male) |
| 21:01 | Research | Heavy Plow |
| 21:17 | Build | Farm |
| 21:22 | Create | Villager (Male) |
| 21:23 | Create | Villager (Male) |
| 21:23 | Create | Villager (Male) |
| 21:38 | Build | House |
| 21:40 | Create | Villager (Male) |
| 21:41 | Create | Villager (Male) |
| 21:49 | Build | Farm |
| 21:59 | Build | Mill |
| 22:02 | Create | Villager (Male) |
| 22:02 | Create | Villager (Male) |
| 22:11 | Create | Villager (Male) |
| 22:11 | Create | Villager (Male) |
| 22:20 | Create | Villager (Male) |
| 22:20 | Create | Villager (Male) |
| 22:25 | Build | Barracks |
| 22:40 | Build | Farm |
| 22:40 | Build | Farm |
| 22:41 | Build | Farm |
| 22:42 | Build | Farm |
| 22:44 | Create | Villager (Male) |
| 22:44 | Create | Villager (Male) |
| 22:44 | Create | Villager (Male) |
| 22:44 | Create | Villager (Male) |
| 22:55 | Research | Bow Saw |
| 23:04 | Research | Stone Mining |
| 23:05 | Create | Villager (Male) |
| 23:05 | Create | Villager (Male) |
| 23:05 | Create | Villager (Male) |
| 23:13 | Build | Farm |
| 23:19 | Build | Farm |
| 23:22 | Build | Farm |
| 23:24 | Build | Farm |
| 23:28 | Build | Farm |
| 23:29 | Create | Villager (Male) |
| 23:30 | Create | Villager (Male) |
| 23:30 | Create | Villager (Male) |
| 23:40 | Build | House |
| 23:43 | Build | House |
| 23:44 | Build | House |
| 23:45 | Create | Villager (Male) |
| 23:46 | Create | Villager (Male) |
| 23:46 | Create | Villager (Male) |
| 23:46 | Create | Villager (Male) |
| 23:46 | Create | Villager (Male) |
Build order — D THE 1
First 150 of 241 actions detected
| 0:03 | Create | Villager (Male) |
| 0:03 | Create | Villager (Male) |
| 0:03 | Create | Villager (Male) |
| 0:03 | Create | Villager (Male) |
| 0:04 | Create | Villager (Male) |
| 0:12 | Build | House |
| 0:13 | Build | House |
| 1:48 | Create | Villager (Male) |
| 1:48 | Create | Villager (Male) |
| 2:24 | Create | Villager (Male) |
| 2:24 | Create | Villager (Male) |
| 2:49 | Create | Villager (Male) |
| 2:49 | Create | Villager (Male) |
| 3:06 | Build | House |
| 3:13 | Build | House |
| 3:16 | Build | House |
| 3:21 | Build | House |
| 3:23 | Build | House |
| 3:43 | Create | Villager (Male) |
| 3:44 | Create | Villager (Male) |
| 4:03 | Create | Villager (Male) |
| 4:04 | Create | Villager (Male) |
| 4:04 | Create | Villager (Male) |
| 4:04 | Create | Villager (Male) |
| 4:52 | Create | Villager (Male) |
| 4:52 | Create | Villager (Male) |
| 4:53 | Create | Villager (Male) |
| 5:07 | Build | Mill |
| 5:56 | Create | Villager (Male) |
| 5:56 | Create | Villager (Male) |
| 5:57 | Create | Villager (Male) |
| 6:12 | Create | Villager (Male) |
| 6:13 | Create | Villager (Male) |
| 6:32 | Create | Villager (Male) |
| 6:32 | Create | Villager (Male) |
| 7:07 | Create | Villager (Male) |
| 7:08 | Create | Villager (Male) |
| 7:08 | Create | Villager (Male) |
| 7:42 | Build | Lumber Camp |
| 7:47 | Create | Villager (Male) |
| 7:47 | Create | Villager (Male) |
| 7:47 | Create | Villager (Male) |
| 8:32 | Create | Villager (Male) |
| 8:33 | Create | Villager (Male) |
| 8:33 | Create | Villager (Male) |
| 8:33 | Create | Villager (Male) |
| 8:34 | Create | Villager (Male) |
| 9:57 | Build | Mining Camp |
| 10:03 | Create | Villager (Male) |
| 10:35 | Build | Mill |
| 10:52 | Build | Mining Camp |
| 11:15 | Research | Feudal Age |
| 11:17 | Research | Loom |
| 12:04 | Build | Barracks |
| 13:25 | Age | Feudal Age |
| 13:31 | Research | Double-Bit Axe |
| 13:35 | Research | Horse Collar |
| 13:58 | Build | Blacksmith |
| 14:15 | Build | Market |
| 14:26 | Build | Farm |
| 14:29 | Build | Farm |
| 14:31 | Build | Farm |
| 14:33 | Build | Farm |
| 14:37 | Build | Farm |
| 15:30 | Build | Farm |
| 15:42 | Build | Farm |
| 15:54 | Research | Castle Age |
| 16:31 | Build | Stable |
| 16:47 | Build | Stable |
| 17:10 | Build | Town Center |
| 18:02 | Research | Forging |
| 18:34 | Age | Castle Age |
| 18:48 | Create | Villager (Male) |
| 18:48 | Create | Villager (Male) |
| 18:48 | Create | Villager (Male) |
| 18:49 | Create | Villager (Male) |
| 18:49 | Create | Villager (Male) |
| 19:14 | Build | Lumber Camp |
| 19:31 | Build | Town Center |
| 20:33 | Create | Steppe Lancer |
| 20:34 | Create | Steppe Lancer |
| 20:34 | Create | Steppe Lancer |
| 20:34 | Create | Steppe Lancer |
| 20:34 | Create | Steppe Lancer |
| 21:07 | Create | Villager (Male) |
| 21:08 | Create | Villager (Male) |
| 21:33 | Build | Farm |
| 21:35 | Build | Farm |
| 21:37 | Build | Farm |
| 21:38 | Build | Farm |
| 21:50 | Create | Steppe Lancer |
| 21:51 | Create | Steppe Lancer |
| 22:10 | Build | Farm |
| 22:12 | Build | Farm |
| 22:14 | Build | Farm |
| 22:15 | Build | Farm |
| 22:23 | Create | Steppe Lancer |
| 22:23 | Create | Steppe Lancer |
| 22:44 | Create | Villager (Male) |
| 22:44 | Create | Villager (Male) |
| 22:44 | Create | Villager (Male) |
| 22:45 | Create | Villager (Male) |
| 23:05 | Build | Farm |
| 23:07 | Build | Farm |
| 23:08 | Build | Farm |
| 23:12 | Build | Farm |
| 23:16 | Build | Farm |
| 23:33 | Create | Villager (Male) |
| 23:33 | Create | Villager (Male) |
| 23:34 | Create | Villager (Male) |
| 23:34 | Create | Villager (Male) |
| 23:34 | Create | Villager (Male) |
| 23:54 | Build | Farm |
| 23:56 | Build | Farm |
| 23:58 | Build | Farm |
| 24:11 | Create | Villager (Male) |
| 24:11 | Create | Villager (Male) |
| 24:12 | Create | Villager (Male) |
| 24:12 | Create | Villager (Male) |
| 25:26 | Create | Villager (Male) |
| 25:26 | Create | Villager (Male) |
| 25:26 | Create | Villager (Male) |
| 25:27 | Create | Villager (Male) |
| 25:27 | Create | Villager (Male) |
| 25:27 | Create | Villager (Male) |
| 25:27 | Create | Villager (Male) |
| 25:28 | Create | Villager (Male) |
| 25:28 | Create | Villager (Male) |
| 25:42 | Create | Steppe Lancer |
| 25:42 | Create | Steppe Lancer |
| 25:42 | Create | Steppe Lancer |
| 26:10 | Build | House |
| 26:14 | Build | House |
| 26:16 | Build | House |
| 26:17 | Build | House |
| 26:18 | Build | House |
| 26:39 | Create | Villager (Male) |
| 26:39 | Create | Villager (Male) |
| 26:40 | Create | Villager (Male) |
| 26:40 | Create | Villager (Male) |
| 26:40 | Create | Villager (Male) |
| 26:46 | Create | Steppe Lancer |
| 26:46 | Create | Steppe Lancer |
| 26:46 | Create | Steppe Lancer |
| 26:47 | Create | Steppe Lancer |
| 27:31 | Build | Mill |
| 27:37 | Build | Farm |
| 27:38 | Build | Farm |
| 27:40 | Build | Farm |
| 27:41 | Build | Farm |
Build order — mythos.chilapa
First 150 of 184 actions detected
| 0:01 | Create | Villager (Male) |
| 0:02 | Build | House |
| 0:04 | Build | House |
| 0:05 | Create | Villager (Male) |
| 0:18 | Create | Villager (Male) |
| 0:29 | Create | Villager (Male) |
| 1:28 | Create | Villager (Male) |
| 1:44 | Build | Lumber Camp |
| 1:59 | Create | Villager (Male) |
| 2:19 | Create | Villager (Male) |
| 2:48 | Create | Villager (Male) |
| 3:04 | Create | Villager (Male) |
| 3:25 | Build | House |
| 3:28 | Create | Villager (Male) |
| 4:04 | Create | Villager (Male) |
| 4:37 | Create | Villager (Male) |
| 4:47 | Build | Mill |
| 5:01 | Create | Villager (Male) |
| 5:01 | Create | Villager (Male) |
| 5:42 | Create | Villager (Male) |
| 5:57 | Create | Villager (Male) |
| 6:23 | Build | Mining Camp |
| 6:23 | Create | Villager (Male) |
| 6:41 | Create | Villager (Male) |
| 6:48 | Build | House |
| 7:09 | Create | Villager (Male) |
| 7:18 | Build | Mill |
| 7:19 | Create | Villager (Male) |
| 7:39 | Create | Villager (Male) |
| 7:58 | Build | Mining Camp |
| 7:59 | Create | Villager (Male) |
| 9:02 | Build | House |
| 9:10 | Research | Feudal Age |
| 10:07 | Build | Farm |
| 10:14 | Build | Farm |
| 10:42 | Research | Loom |
| 11:20 | Age | Feudal Age |
| 11:22 | Build | Market |
| 11:48 | Create | Villager (Male) |
| 11:58 | Build | Blacksmith |
| 13:04 | Research | Castle Age |
| 13:15 | Build | House |
| 14:21 | Create | Villager (Male) |
| 15:29 | Create | Villager (Male) |
| 15:44 | Age | Castle Age |
| 15:50 | Build | Castle |
| 15:57 | Build | House |
| 15:59 | Build | House |
| 16:01 | Build | House |
| 16:04 | Build | House |
| 16:07 | Build | House |
| 16:14 | Create | Villager (Male) |
| 16:24 | Create | Villager (Male) |
| 17:22 | Create | Organ Gun |
| 17:22 | Create | Organ Gun |
| 17:26 | Create | Villager (Male) |
| 17:27 | Create | Villager (Male) |
| 17:39 | Create | Organ Gun |
| 17:52 | Create | Organ Gun |
| 17:56 | Create | Villager (Male) |
| 18:29 | Create | Organ Gun |
| 19:21 | Create | Villager (Male) |
| 19:31 | Create | Villager (Male) |
| 19:36 | Build | Farm |
| 19:37 | Build | Farm |
| 19:38 | Build | Farm |
| 19:39 | Build | Farm |
| 19:57 | Create | Villager (Male) |
| 20:30 | Create | Organ Gun |
| 20:31 | Create | Organ Gun |
| 20:31 | Create | Villager (Male) |
| 20:44 | Create | Villager (Male) |
| 20:54 | Create | Organ Gun |
| 21:13 | Create | Villager (Male) |
| 21:18 | Build | Farm |
| 21:20 | Build | Farm |
| 21:26 | Build | Farm |
| 21:32 | Build | Farm |
| 21:38 | Create | Organ Gun |
| 21:58 | Create | Villager (Male) |
| 21:59 | Create | Villager (Male) |
| 22:05 | Create | Organ Gun |
| 22:13 | Create | Organ Gun |
| 22:33 | Create | Organ Gun |
| 22:33 | Create | Villager (Male) |
| 22:49 | Create | Villager (Male) |
| 22:51 | Build | Farm |
| 22:55 | Build | Farm |
| 22:58 | Build | Farm |
| 23:00 | Build | Farm |
| 23:06 | Create | Organ Gun |
| 23:08 | Create | Organ Gun |
| 23:27 | Build | House |
| 23:38 | Build | House |
| 23:40 | Build | House |
| 23:40 | Build | House |
| 23:43 | Create | Villager (Male) |
| 23:54 | Create | Organ Gun |
| 24:26 | Create | Villager (Male) |
| 24:45 | Create | Organ Gun |
| 24:54 | Build | Farm |
| 24:56 | Create | Villager (Male) |
| 25:02 | Build | House |
| 25:03 | Build | House |
| 25:33 | Research | Imperial Age |
| 25:34 | Research | Imperial Age |
| 25:39 | Create | Organ Gun |
| 25:52 | Build | Mining Camp |
| 25:59 | Build | Lumber Camp |
| 26:02 | Build | House |
| 26:12 | Build | Lumber Camp |
| 26:30 | Create | Organ Gun |
| 26:30 | Create | Organ Gun |
| 26:57 | Create | Organ Gun |
| 27:44 | Create | Organ Gun |
| 28:22 | Build | House |
| 28:23 | Build | House |
| 28:24 | Build | House |
| 28:29 | Create | Organ Gun |
| 28:30 | Create | Organ Gun |
| 28:43 | Age | Imperial Age |
| 28:45 | Create | Trebuchet (Packed) |
| 29:08 | Build | House |
| 29:09 | Build | House |
| 29:36 | Create | Trebuchet (Packed) |
| 30:05 | Create | Villager (Male) |
| 30:46 | Create | Trebuchet (Packed) |
| 30:59 | Build | House |
| 30:59 | Build | House |
| 31:00 | Build | House |
| 31:32 | Create | Organ Gun |
| 31:49 | Create | Organ Gun |
| 31:50 | Create | Organ Gun |
| 31:54 | Create | Villager (Male) |
| 31:54 | Create | Villager (Male) |
| 33:25 | Create | Villager (Male) |
| 33:25 | Create | Villager (Male) |
| 34:00 | Create | Villager (Male) |
| 34:34 | Create | Organ Gun |
| 34:36 | Create | Villager (Male) |
| 34:42 | Build | Feitoria |
| 34:50 | Build | House |
| 34:51 | Build | House |
| 34:52 | Build | House |
| 34:53 | Build | House |
| 34:55 | Build | House |
| 34:55 | Build | House |
| 35:15 | Build | Mining Camp |
| 35:16 | Create | Villager (Male) |
| 35:17 | Create | Villager (Male) |
Build order — The_KNIK
First 150 of 388 actions detected
| 0:01 | Create | Villager (Male) |
| 0:01 | Create | Villager (Male) |
| 0:03 | Build | House |
| 0:06 | Build | House |
| 1:21 | Create | Villager (Male) |
| 1:22 | Create | Villager (Male) |
| 1:37 | Create | Villager (Male) |
| 2:18 | Build | Lumber Camp |
| 2:28 | Create | Villager (Male) |
| 2:29 | Create | Villager (Male) |
| 3:29 | Create | Villager (Male) |
| 3:29 | Create | Villager (Male) |
| 4:11 | Create | Villager (Male) |
| 4:17 | Build | Mill |
| 4:28 | Build | House |
| 4:50 | Create | Villager (Male) |
| 4:59 | Build | House |
| 5:08 | Create | Villager (Male) |
| 5:09 | Create | Villager (Male) |
| 5:09 | Create | Villager (Male) |
| 5:53 | Build | House |
| 6:22 | Build | Mill |
| 6:41 | Create | Villager (Male) |
| 7:14 | Create | Villager (Male) |
| 7:14 | Create | Villager (Male) |
| 7:16 | Create | Villager (Male) |
| 7:44 | Build | Mining Camp |
| 7:52 | Create | Villager (Male) |
| 7:53 | Create | Villager (Male) |
| 7:53 | Create | Villager (Male) |
| 8:42 | Build | Lumber Camp |
| 9:40 | Research | Feudal Age |
| 10:41 | Create | Villager (Male) |
| 10:42 | Create | Villager (Male) |
| 11:54 | Age | Feudal Age |
| 11:58 | Build | Market |
| 12:02 | Build | Blacksmith |
| 12:53 | Build | Farm |
| 12:55 | Build | Farm |
| 12:57 | Build | Farm |
| 13:25 | Research | Castle Age |
| 16:05 | Age | Castle Age |
| 16:10 | Build | Town Center |
| 16:21 | Build | Town Center |
| 16:34 | Build | Town Center |
| 17:13 | Create | Villager (Male) |
| 17:13 | Create | Villager (Male) |
| 17:19 | Research | Double-Bit Axe |
| 17:22 | Research | Horse Collar |
| 17:45 | Build | Farm |
| 17:49 | Create | Villager (Male) |
| 17:49 | Create | Villager (Male) |
| 17:55 | Create | Villager (Male) |
| 17:56 | Create | Villager (Male) |
| 18:09 | Build | Farm |
| 18:23 | Build | Farm |
| 18:35 | Create | Villager (Male) |
| 18:35 | Create | Villager (Male) |
| 18:35 | Create | Villager (Male) |
| 18:42 | Build | Farm |
| 18:48 | Create | Villager (Male) |
| 19:19 | Create | Villager (Male) |
| 19:20 | Create | Villager (Male) |
| 19:24 | Research | Loom |
| 19:28 | Build | Farm |
| 19:45 | Build | Town Center |
| 19:49 | Create | Villager (Male) |
| 19:49 | Create | Villager (Male) |
| 19:50 | Create | Villager (Male) |
| 19:56 | Build | Farm |
| 19:57 | Create | Villager (Male) |
| 20:24 | Build | Farm |
| 20:31 | Create | Villager (Male) |
| 20:31 | Create | Villager (Male) |
| 20:32 | Create | Villager (Male) |
| 20:32 | Create | Villager (Male) |
| 20:39 | Build | House |
| 20:45 | Build | House |
| 20:47 | Build | House |
| 20:49 | Build | House |
| 20:51 | Build | House |
| 21:07 | Create | Villager (Male) |
| 21:07 | Create | Villager (Male) |
| 21:11 | Build | Farm |
| 21:22 | Create | Villager (Male) |
| 21:22 | Create | Villager (Male) |
| 21:22 | Create | Villager (Male) |
| 21:34 | Create | Villager (Male) |
| 21:39 | Build | Farm |
| 21:50 | Build | Farm |
| 21:52 | Create | Villager (Male) |
| 21:55 | Build | Farm |
| 22:06 | Build | Farm |
| 22:07 | Create | Villager (Male) |
| 22:15 | Create | Villager (Male) |
| 22:15 | Create | Villager (Male) |
| 22:16 | Create | Villager (Male) |
| 22:16 | Create | Villager (Male) |
| 22:16 | Create | Villager (Male) |
| 22:31 | Build | House |
| 22:32 | Build | House |
| 22:34 | Create | Villager (Male) |
| 22:39 | Build | Farm |
| 22:47 | Build | Farm |
| 22:50 | Build | Farm |
| 22:51 | Create | Villager (Male) |
| 22:52 | Create | Villager (Male) |
| 22:56 | Create | Villager (Male) |
| 23:03 | Build | Farm |
| 23:14 | Create | Villager (Male) |
| 23:29 | Create | Villager (Male) |
| 23:29 | Create | Villager (Male) |
| 23:30 | Create | Villager (Male) |
| 23:30 | Create | Villager (Male) |
| 23:30 | Create | Villager (Male) |
| 23:31 | Create | Villager (Male) |
| 23:31 | Create | Villager (Male) |
| 23:36 | Build | Farm |
| 23:39 | Build | Farm |
| 23:43 | Build | House |
| 23:43 | Build | House |
| 23:44 | Build | House |
| 23:52 | Build | Farm |
| 23:59 | Build | Farm |
| 24:01 | Create | Villager (Male) |
| 24:01 | Create | Villager (Male) |
| 24:01 | Create | Villager (Male) |
| 24:06 | Build | Farm |
| 24:11 | Build | Farm |
| 24:12 | Create | Villager (Male) |
| 24:21 | Create | Villager (Male) |
| 24:22 | Create | Villager (Male) |
| 24:30 | Build | Farm |
| 24:34 | Build | Farm |
| 24:36 | Create | Villager (Male) |
| 24:36 | Create | Villager (Male) |
| 24:39 | Build | Farm |
| 24:45 | Create | Villager (Male) |
| 24:49 | Create | Villager (Male) |
| 24:54 | Build | Farm |
| 24:59 | Build | House |
| 25:00 | Build | House |
| 25:08 | Build | Farm |
| 25:14 | Build | Farm |
| 25:15 | Create | Villager (Male) |
| 25:16 | Create | Villager (Male) |
| 25:16 | Create | Villager (Male) |
| 25:16 | Create | Villager (Male) |
| 25:16 | Create | Villager (Male) |
| 25:42 | Research | Heavy Plow |
Build order — Wilbert
114 actions detected in the replay
| 0:03 | Create | Villager (Male) |
| 0:03 | Create | Villager (Male) |
| 0:03 | Create | Villager (Male) |
| 0:04 | Create | Villager (Male) |
| 0:04 | Create | Villager (Male) |
| 0:04 | Create | Villager (Male) |
| 0:05 | Build | House |
| 0:08 | Build | House |
| 1:04 | Create | Villager (Male) |
| 1:04 | Create | Villager (Male) |
| 1:40 | Create | Villager (Male) |
| 1:41 | Create | Villager (Male) |
| 2:21 | Create | Villager (Male) |
| 2:21 | Create | Villager (Male) |
| 3:00 | Create | Villager (Male) |
| 3:00 | Create | Villager (Male) |
| 3:00 | Create | Villager (Male) |
| 3:23 | Build | Settlement |
| 3:33 | Create | Villager (Male) |
| 3:33 | Create | Villager (Male) |
| 3:33 | Create | Villager (Male) |
| 3:34 | Create | Villager (Male) |
| 3:55 | Build | House |
| 4:45 | Create | Villager (Male) |
| 4:45 | Create | Villager (Male) |
| 4:46 | Create | Villager (Male) |
| 4:46 | Create | Villager (Male) |
| 5:00 | Create | Villager (Male) |
| 5:00 | Create | Villager (Male) |
| 5:42 | Build | Settlement |
| 6:21 | Create | Villager (Male) |
| 6:22 | Create | Villager (Male) |
| 6:22 | Create | Villager (Male) |
| 6:52 | Create | Villager (Male) |
| 6:53 | Create | Villager (Male) |
| 7:36 | Create | Villager (Male) |
| 7:36 | Create | Villager (Male) |
| 7:37 | Create | Villager (Male) |
| 8:24 | Build | Settlement |
| 8:35 | Research | Feudal Age |
| 10:48 | Age | Feudal Age |
| 11:00 | Build | Market |
| 11:10 | Build | Blacksmith |
| 11:26 | Research | Double-Bit Axe |
| 12:31 | Research | Castle Age |
| 13:33 | Research | Horse Collar |
| 15:11 | Age | Castle Age |
| 15:22 | Build | Town Center |
| 15:33 | Build | Town Center |
| 16:19 | Build | House |
| 16:59 | Research | Loom |
| 17:13 | Build | Stone Wall |
| 17:35 | Build | Siege Workshop |
| 17:47 | Create | Villager (Male) ×4 |
| 17:47 | Create | Villager (Male) ×4 |
| 18:01 | Build | House |
| 18:19 | Create | Mangonel |
| 18:23 | Build | Castle |
| 19:44 | Build | Farm |
| 19:44 | Build | Farm |
| 19:44 | Build | Farm |
| 19:59 | Build | Farm |
| 20:55 | Build | Farm |
| 20:55 | Build | Farm |
| 20:55 | Build | Farm |
| 20:56 | Build | Farm |
| 21:27 | Build | Barracks |
| 21:42 | Create | Villager (Male) ×2 |
| 22:09 | Create | Villager (Male) ×2 |
| 22:18 | Build | Farm |
| 22:18 | Build | Farm |
| 22:18 | Build | Farm |
| 22:19 | Build | Farm |
| 22:19 | Build | Farm |
| 22:44 | Create | Villager (Male) |
| 22:44 | Create | Villager (Male) |
| 23:14 | Build | Farm |
| 23:21 | Create | Villager (Male) ×2 |
| 23:21 | Create | Villager (Male) ×3 |
| 23:45 | Create | Mangonel |
| 23:54 | Build | Farm |
| 23:58 | Build | Farm |
| 24:12 | Research | Wheelbarrow |
| 24:33 | Create | Villager (Male) |
| 25:42 | Create | Villager (Male) ×5 |
| 25:46 | Build | Farm |
| 25:46 | Build | Farm |
| 25:47 | Build | Farm |
| 25:47 | Build | Farm |
| 25:47 | Build | Farm |
| 25:47 | Build | Farm |
| 27:47 | Build | Stone Wall |
| 27:52 | Research | Imperial Age |
| 28:08 | Create | Villager (Male) |
| 28:19 | Create | Villager (Male) |
| 28:20 | Create | Villager (Male) ×3 |
| 28:28 | Create | Mangonel |
| 28:43 | Build | House |
| 28:45 | Build | House |
| 28:47 | Build | House |
| 30:12 | Create | Villager (Male) |
| 30:13 | Create | Villager (Male) |
| 30:13 | Create | Villager (Male) |
| 30:46 | Create | Villager (Male) ×5 |
| 30:46 | Create | Villager (Male) ×5 |
| 30:46 | Create | Villager (Male) ×5 |
| 31:02 | Age | Imperial Age |
| 31:04 | Create | Trebuchet (Packed) |
| 31:27 | Create | Villager (Male) ×5 |
| 31:27 | Create | Villager (Male) ×5 |
| 31:27 | Create | Villager (Male) ×4 |
| 31:35 | Build | House |
| 31:56 | Create | Mangonel |
| 31:56 | Create | Mangonel |
Build order — 魔术师
First 150 of 287 actions detected
| 0:03 | Research | Loom |
| 0:04 | Create | Villager (Male) |
| 0:04 | Create | Villager (Male) |
| 0:04 | Create | Villager (Male) |
| 0:05 | Create | Villager (Male) |
| 0:05 | Create | Villager (Male) |
| 0:05 | Create | Villager (Male) |
| 0:15 | Build | House |
| 0:16 | Build | House |
| 0:18 | Build | House |
| 0:19 | Build | House |
| 1:56 | Create | Villager (Male) |
| 1:56 | Create | Villager (Male) |
| 2:23 | Build | Lumber Camp |
| 2:39 | Create | Villager (Male) |
| 2:39 | Create | Villager (Male) |
| 3:09 | Create | Villager (Male) |
| 3:09 | Create | Villager (Male) |
| 3:42 | Create | Villager (Male) |
| 3:42 | Create | Villager (Male) |
| 4:11 | Create | Villager (Male) |
| 4:11 | Create | Villager (Male) |
| 4:40 | Create | Villager (Male) |
| 4:40 | Create | Villager (Male) |
| 4:40 | Create | Villager (Male) |
| 5:09 | Create | Villager (Male) |
| 5:46 | Create | Villager (Male) |
| 6:01 | Build | Mill |
| 6:21 | Create | Villager (Male) |
| 6:27 | Build | Mining Camp |
| 6:50 | Create | Villager (Male) |
| 7:17 | Create | Villager (Male) |
| 7:18 | Create | Villager (Male) |
| 7:55 | Build | Farm |
| 8:01 | Build | Farm |
| 8:11 | Create | Villager (Male) |
| 8:39 | Create | Villager (Male) |
| 8:47 | Create | Villager (Male) |
| 8:56 | Build | House |
| 9:32 | Create | Villager (Male) |
| 9:59 | Research | Feudal Age |
| 12:07 | Create | Villager (Male) |
| 12:09 | Age | Feudal Age |
| 12:18 | Build | Market |
| 12:25 | Build | Blacksmith |
| 12:36 | Create | Villager (Male) |
| 13:05 | Create | Villager (Male) |
| 13:21 | Build | House |
| 13:32 | Create | Villager (Male) |
| 14:37 | Research | Castle Age |
| 14:47 | Research | Horse Collar |
| 15:01 | Research | Double-Bit Axe |
| 15:25 | Build | Farm |
| 15:36 | Build | Farm |
| 15:56 | Build | Farm |
| 15:58 | Build | Farm |
| 16:12 | Build | Farm |
| 16:36 | Build | Farm |
| 17:11 | Research | Stone Mining |
| 17:17 | Age | Castle Age |
| 17:21 | Create | Villager (Male) |
| 17:21 | Create | Villager (Male) |
| 17:39 | Research | Bow Saw |
| 17:47 | Create | Villager (Male) |
| 18:03 | Build | Town Center |
| 18:07 | Create | Villager (Male) |
| 18:07 | Create | Villager (Male) |
| 18:37 | Create | Villager (Male) |
| 18:49 | Build | House |
| 19:11 | Build | Castle |
| 19:22 | Build | House |
| 19:48 | Build | Farm |
| 19:50 | Build | Farm |
| 19:52 | Build | Farm |
| 19:54 | Build | Farm |
| 19:55 | Build | Farm |
| 20:03 | Build | Farm |
| 20:06 | Create | Villager (Male) |
| 20:06 | Create | Villager (Male) |
| 20:10 | Create | Villager (Male) |
| 20:11 | Create | Villager (Male) |
| 20:44 | Build | Mining Camp |
| 21:05 | Create | Berserk |
| 21:06 | Create | Berserk |
| 21:06 | Create | Berserk |
| 21:12 | Create | Villager (Male) |
| 21:13 | Create | Villager (Male) |
| 21:19 | Create | Villager (Male) |
| 21:19 | Create | Villager (Male) |
| 21:26 | Build | Farm |
| 21:27 | Build | Farm |
| 21:33 | Create | Villager (Male) |
| 21:45 | Create | Villager (Male) |
| 21:52 | Build | Farm |
| 22:01 | Create | Berserk |
| 22:01 | Create | Berserk |
| 22:05 | Create | Berserk |
| 22:06 | Create | Berserk |
| 22:06 | Create | Berserk |
| 22:15 | Build | Farm |
| 22:23 | Build | Lumber Camp |
| 22:27 | Create | Villager (Male) |
| 22:36 | Research | Scale Mail Armor |
| 22:47 | Build | Farm |
| 22:50 | Create | Villager (Male) |
| 23:08 | Create | Berserk |
| 23:08 | Create | Berserk |
| 23:08 | Create | Berserk |
| 23:29 | Build | Farm |
| 23:32 | Create | Villager (Male) |
| 23:36 | Create | Villager (Male) |
| 23:41 | Build | Farm |
| 24:16 | Create | Villager (Male) |
| 24:21 | Build | Farm |
| 24:29 | Research | Gold Mining |
| 24:31 | Create | Villager (Male) |
| 24:31 | Create | Villager (Male) |
| 24:39 | Create | Villager (Male) |
| 24:43 | Research | Chain Mail Armor |
| 24:44 | Research | Forging |
| 24:50 | Build | Farm |
| 24:55 | Create | Villager (Male) |
| 25:15 | Create | Villager (Male) |
| 25:22 | Build | Farm |
| 25:36 | Build | House |
| 25:45 | Create | Villager (Male) |
| 25:50 | Build | Farm |
| 26:09 | Build | Castle |
| 26:17 | Create | Villager (Male) |
| 26:20 | Create | Villager (Male) |
| 26:26 | Research | Gold Shaft Mining |
| 26:32 | Create | Villager (Male) |
| 26:32 | Create | Villager (Male) |
| 26:33 | Create | Villager (Male) |
| 26:33 | Create | Villager (Male) |
| 27:10 | Build | Farm |
| 27:15 | Research | Fletching |
| 27:16 | Research | Iron Casting |
| 27:34 | Build | Mining Camp |
| 27:42 | Create | Berserk |
| 27:42 | Create | Berserk |
| 27:53 | Create | Villager (Male) |
| 27:53 | Create | Villager (Male) |
| 27:59 | Build | Farm |
| 28:04 | Build | Farm |
| 28:11 | Create | Villager (Male) |
| 28:45 | Create | Berserk |
| 28:45 | Create | Berserk |
| 28:49 | Create | Berserk |
| 28:49 | Create | Berserk |
Build order — MrPasten
85 actions detected in the replay
| 0:18 | Build | House |
| 0:50 | Create | Villager (Male) ×4 |
| 0:53 | Research | Loom |
| 3:06 | Build | House |
| 3:34 | Create | Villager (Male) |
| 3:35 | Create | Villager (Male) |
| 5:04 | Build | House |
| 5:05 | Build | House |
| 5:06 | Build | House |
| 5:07 | Build | House |
| 5:08 | Build | House |
| 5:23 | Build | Lumber Camp |
| 8:07 | Create | Villager (Male) |
| 8:07 | Create | Villager (Male) |
| 8:08 | Create | Villager (Male) |
| 8:09 | Create | Villager (Male) |
| 8:11 | Create | Villager (Male) |
| 9:45 | Build | Mill |
| 10:43 | Research | Feudal Age |
| 11:44 | Build | Farm |
| 11:45 | Build | Farm |
| 11:46 | Build | Farm |
| 11:48 | Build | Farm |
| 11:49 | Build | Farm |
| 11:52 | Build | Farm |
| 12:11 | Create | Villager (Male) |
| 12:11 | Create | Villager (Male) |
| 12:11 | Create | Villager (Male) |
| 12:12 | Create | Villager (Male) |
| 12:12 | Create | Villager (Male) |
| 12:58 | Research | Horse Collar |
| 13:03 | Research | Double-Bit Axe |
| 13:45 | Build | Mining Camp |
| 14:13 | Create | Villager (Male) |
| 14:19 | Research | Wheelbarrow |
| 15:15 | Research | Town Watch |
| 15:57 | Build | Barracks |
| 16:24 | Build | Blacksmith |
| 16:32 | Build | Market |
| 17:41 | Create | Villager (Male) ×5 |
| 19:54 | Build | Stable |
| 20:06 | Create | Spearman ×5 |
| 20:08 | Create | Spearman ×5 |
| 20:09 | Create | Spearman ×5 |
| 21:10 | Build | Mill |
| 22:22 | Create | Trade Cart |
| 22:24 | Create | Trade Cart |
| 22:25 | Create | Trade Cart |
| 22:26 | Create | Trade Cart |
| 24:02 | Build | House |
| 24:04 | Build | House |
| 24:05 | Build | House |
| 24:07 | Build | House |
| 24:11 | Build | House |
| 24:12 | Build | House |
| 24:15 | Build | House |
| 24:33 | Research | Castle Age |
| 25:35 | Research | Scale Mail Armor |
| 25:39 | Research | Forging |
| 27:20 | Research | Iron Casting |
| 27:21 | Research | Chain Mail Armor |
| 27:33 | Build | Siege Workshop |
| 27:49 | Create | Villager (Male) |
| 27:50 | Create | Villager (Male) |
| 28:53 | Research | Pikeman (upgrade) |
| 29:55 | Build | Farm |
| 29:56 | Build | Farm |
| 30:04 | Research | Heavy Plow |
| 30:10 | Research | Bow Saw |
| 30:18 | Create | Mangonel ×5 |
| 32:23 | Build | Farm |
| 32:25 | Build | Farm |
| 32:26 | Build | Farm |
| 32:27 | Build | Farm |
| 32:29 | Build | Farm |
| 33:25 | Research | Squires |
| 33:30 | Create | Spearman ×5 |
| 33:31 | Create | Spearman ×5 |
| 33:33 | Create | Spearman ×4 |
| 36:41 | Create | Villager (Male) ×5 |
| 36:41 | Create | Villager (Male) ×5 |
| 36:42 | Create | Villager (Male) ×5 |
| 37:40 | Create | Spearman ×5 |
| 37:41 | Create | Spearman ×5 |
| 37:59 | Research | Hand Cart |
Match timeline
| 10:48 | Wilbert · age_up feudal |
| 11:20 | mythos.chilapa · age_up feudal |
| 11:36 | Pamoh · age_up feudal |
| 11:54 | The_KNIK · age_up feudal |
| 12:04 | D THE 1 · first_building Barracks |
| 12:09 | 魔术师 · age_up feudal |
| 12:27 | mythos.chilapa · first_market_sell 100 stone |
| 12:29 | mythos.chilapa · first_market_buy 100 food |
| 13:15 | The_KNIK · first_market_sell 100 wood |
| 13:16 | 魔术师 · first_market_sell 100 wood |
| 13:16 | The_KNIK · first_market_buy 100 food |
| 13:25 | D THE 1 · age_up feudal |
| 15:11 | Wilbert · age_up castle |
| 15:41 | Pamoh · age_up castle |
| 15:44 | mythos.chilapa · age_up castle |
| 15:50 | mythos.chilapa · first_building Castle |
| 15:57 | MrPasten · first_building Barracks |
| 16:05 | The_KNIK · age_up castle |
| 16:07 | Pamoh · first_market_buy 100 stone |
| 16:31 | D THE 1 · first_building Stable |
| 17:13 | Wilbert · wall_segment Stone Wall x9 |
| 17:17 | 魔术师 · age_up castle |
| 17:35 | Wilbert · first_building Siege Workshop |
| 18:23 | Wilbert · first_building Castle |
| 18:34 | D THE 1 · age_up castle |
| 19:11 | 魔术师 · first_building Castle |
| 19:12 | Rorzak · first_building Barracks |
| 19:16 | Pamoh · first_market_sell 100 wood |
| 19:37 | Rorzak · wall_segment Stone Wall x16 |
| 19:54 | MrPasten · first_building Stable |
| 21:27 | Rorzak · first_building Siege Workshop |
| 21:27 | Wilbert · first_building Barracks |
| 22:25 | Pamoh · first_building Barracks |
| 24:23 | Rorzak · wall_segment Stone Wall x2 |
| 24:40 | Rorzak · wall_segment Stone Wall x4 |
| 24:45 | Pamoh · first_building Castle |
| 24:53 | Rorzak · wall_segment Stone Wall x3 |
| 25:08 | Pamoh · tribute_sent a jugador 2 |
| 25:08 | Pamoh · tribute_sent a jugador 3 |
| 25:08 | Pamoh · tribute_sent a jugador 4 |
| 25:08 | Pamoh · tribute_sent a jugador 5 |
| 25:08 | Pamoh · tribute_sent a jugador 6 |
| 25:08 | Pamoh · tribute_sent a jugador 7 |
| 25:08 | Pamoh · tribute_sent a jugador 8 |
| 25:19 | Rorzak · wall_segment Stone Wall x1 |
| 25:33 | Rorzak · wall_segment Stone Wall x2 |
| 26:19 | Rorzak · wall_segment Stone Wall x4 |
| 26:25 | Pamoh · first_building Stable |
| 26:35 | Wilbert · first_market_sell 100 wood |
| 27:33 | MrPasten · first_building Siege Workshop |
| 27:47 | Wilbert · wall_segment Stone Wall x5 |
| 28:07 | The_KNIK · first_building Castle |
| 28:43 | mythos.chilapa · age_up imperial |
| 28:43 | The_KNIK · first_building Monastery |
| 30:29 | The_KNIK · tribute_sent a jugador 1 |
| 30:29 | The_KNIK · tribute_sent a jugador 2 |
| 30:29 | The_KNIK · tribute_sent a jugador 3 |
| 30:29 | The_KNIK · tribute_sent a jugador 5 |
| 30:29 | The_KNIK · tribute_sent a jugador 6 |
| 30:29 | The_KNIK · tribute_sent a jugador 7 |
| 30:29 | The_KNIK · tribute_sent a jugador 8 |
| 31:02 | Wilbert · age_up imperial |
| 31:06 | The_KNIK · first_building Barracks |
| 31:55 | Pamoh · age_up imperial |
| 32:50 | 魔术师 · age_up imperial |
| 33:05 | The_KNIK · age_up imperial |
| 33:10 | Rorzak · resign |
| 33:35 | D THE 1 · first_building Monastery |
| 38:16 | D THE 1 · first_building Castle |
| 38:18 | D THE 1 · age_up imperial |
| 38:43 | 魔术师 · first_building Barracks |
[ AI ANALYSIS · 1 CREDIT ]
What really happened in this match?
Wolo.gg analyzes every decision: build order, eco, micro, common mistakes by bracket. Personalized analysis on WhatsApp or Discord in 30 seconds.
Civ guide
Ethiopians
Perfil
Jugador #8575702